 Dungeon Crawl Stone Soup version 0.24-a0-439-g6dd8730de2 (webtiles) character file.

Game seed: 16709142734240581885

301 Nattfarinn the Grave Robber (level 6, -10/41 HPs)
             Began as a Mummy Necromancer on June 18, 2019.
             Mangled by an ogre
             ... wielding a +0 giant club
              (18 damage)
             ... on level 4 of the Dungeon.
             The game lasted 00:08:42 (3923 turns).

Nattfarinn the Grave Robber (Mummy Necromancer)     Turns: 3923, Time: 00:08:43

Health: -10/41     AC:  3    Str: 11    XL:     6   Next: 14%
Magic:  10/13      EV: 12    Int: 16    God:
Gold:   97         SH:  0    Dex: 13    Spells: 12/14 levels left

rFire    x . .     SeeInvis .   c - +2 hand axe (venom)
rCold    + . .     Gourm    .   (no shield)
rNeg     + + +     Faith    .   a - +0 robe
rPois    ∞         Spirit   .   (no helmet)
rElec    .         Reflect  .   (no cloak)
rCorr    .         Harm     .   g - +0 pair of gloves (curse)
MR       .....                  (no boots)
Stlth    ++........             (no amulet)
HPRegen  0.13/turn              d - ring of flight
MPRegen  0.13/turn              (no ring)

@: no status effects
A: no food or potions, fire vulnerability, cold resistance 1, negative energy
resistance 3, torment resistance, unbreathing
a: Evoke Flight


You were on level 4 of the Dungeon.
You were not hungry.

You visited 1 branch of the dungeon, and saw 4 of its levels.

You collected 97 gold pieces.

Inventory:

Hand Weapons
 c - a +2 hand axe of venom (weapon)
Armour
 a - a +0 robe (worn)
 g - a cursed +0 pair of gloves (worn)
Jewellery
 d - a ring of flight (left hand)
 i - a +4 ring of intelligence {unknown}
Scrolls
 b - 2 scrolls of remove curse
 e - 2 scrolls of identify
 f - a scroll of enchant weapon


   Skills:
 - Level 1.5 Dodging
 - Level 1.5 Stealth
 + Level 4.9 Spellcasting
 * Level 6.5 Necromancy


You had 12 spell levels left.
You knew the following spells:

 Your Spells              Type           Power        Failure   Level  Hunger
a - Pain                  Necr           ####         1%          1    N/A
b - Animate Skeleton      Necr           N/A          1%          1    N/A

Your spell library contained the following spells:

 Spells                   Type           Power        Failure   Level  Hunger
 Vampiric Draining        Necr           ####......   3%          3    N/A
 Animate Dead             Necr           N/A          11%         4    N/A
 Regeneration             Chrm/Necr      Unusable     N/A         3    N/A

Dungeon Overview and Level Annotations

Branches:
Dungeon (4/15)
 Temple: D:4-7

Altars:
The Shining One


Innate Abilities, Weirdness & Mutations

You do not eat or drink.
Your flesh is vulnerable to fire.
You are immune to poison.
Your flesh is cold resistant. (rC+)
You are immune to negative energy. (rN+++)
You are immune to unholy pain and torment.
You can survive without breathing.


Message History

It is a scroll of enchant weapon.
Your +1 hand axe of venom glows red for a moment.
The ogre barely misses you.
As you read the scroll labeled ZYGONN SABAPI, it crumbles to dust.
The scroll dissolves into smoke.
It was a scroll of fog.
The ogre closely misses you.
You hit the ogre.
The ogre is severely wounded.
The ogre closely misses you.
You closely miss the ogre.
The ogre is severely wounded.
The ogre hits you with a +0 giant club.
* * * LOW HITPOINT WARNING * * *
You barely miss the ogre.
The ogre is severely wounded.
The ogre barely misses you.
You hit the ogre.
The ogre is almost dead.
The ogre hits you with a +0 giant club!!
You die...

.# #...#(.#... ..#... .
###..##..#... .....##
####.#..##....# .......
........#....# .......
..#..........# ......#
.###..##...#.## .....#
......##...#..###§§.###
...#..........§§O§§...#
.......)#<....§§@§....#
......####....##§§§..##
##...### ##...########
..#....# #...##
.......###...###
...............##
......).........#####
..........#...÷..#..#
[.........#.........#


You could see an ogre.

Vanquished Creatures
  An ogre (D:4)
  A scorpion (D:4)
  An orc wizard (D:4)
  A hound skeleton (D:4)
  2 adders
  2 oozes (D:2)
  A worm (D:4)
  3 leopard geckos
  4 orcs (D:4)
  2 ball pythons (D:2)
  12 bats
  4 giant cockroaches
  15 goblins
  8 hobgoblins
  3 jackals (D:1)
  2 quokkas
  4 frilled lizards
  9 kobolds
  7 rats
82 creatures vanquished.

Notes
Turn   | Place    | Note
-------+----------+-------------------------------------------
     0 | D:1      | Nattfarinn the Mummy Necromancer began the quest for the
                  | Orb.
     0 | D:1      | Reached XP level 1. HP: 13/13 MP: 4/4
   501 | D:1      | Reached XP level 2. HP: 3/19 MP: 4/6
  1534 | D:2      | Reached XP level 3. HP: 24/24 MP: 7/7
  2014 | D:2      | Reached skill level 5 in Necromancy
  2154 | D:2      | Found a glowing golden altar of the Shining One.
  2177 | D:2      | Reached XP level 4. HP: 29/30 MP: 7/9
  3192 | D:4      | Reached XP level 5. HP: 18/35 MP: 6/11
  3540 | D:4      | Reached skill level 6 in Necromancy
  3679 | D:4      | Noticed an ogre
  3697 | D:4      | Learned a level 1 spell: Animate Skeleton
  3706 | D:4      | Noticed an ogre
  3716 | D:4      | Killed an ogre
  3716 | D:4      | Reached XP level 6. HP: 23/41 MP: 5/13
  3923 | D:4      | Mangled by an ogre

Levels and vault maps discovered:
D:1:      dpeg_arrival_rooms_c, layout_basic, amethyst_killhole
D:2:      layout_basic, nicolae_overflow_crystal_walls
D:3:      layout_rooms, first_ration
D:4:      layout_cave_pools

Skill      XL: |  1  2  3  4  5 |
---------------+----------------+-----
Spellcasting   | 3 4 |  4.9
Necromancy     | 5 6 |  6.5
Dodging        | |  1.5
Stealth        | |  1.5

Action                   |  1- 3 |  4- 6 || total
-------------------------+-------+-------++-------
Melee: Hand axe          |    57 |    26 ||    83
 Cast: Pain              |    41 |    78 ||   119
       Animate Skeleton  |       |     1 ||     1
  Use: Scroll            |       |     3 ||     3
 Stab: Sleeping          |     2 |       ||     2
Armor: Robe              |    14 |    10 ||    24
Dodge: Dodged            |    42 |    29 ||    71

Table legend:
 A = Non-vault XP
 B = Vault XP
 C = Vault XP percentage of total XP
 D = Non-vault monster count
 E = Vault monster count
 F = Vault count percentage of total count
                 A         B        C        D         E       F
            +---------+---------+-------+---------+---------+-------
      Total |     430 |       0 |   0.0 |      82 |       0 |   0.0
            +---------+---------+-------+---------+---------+-------
        D:1 |      33 |       0 |   0.0 |      18 |       0 |   0.0
        D:2 |      74 |       0 |   0.0 |      32 |       0 |   0.0
        D:3 |      46 |       0 |   0.0 |      21 |       0 |   0.0
        D:4 |     277 |       0 |   0.0 |      11 |       0 |   0.0
            +---------+---------+-------+---------+---------+-------
